 Dungeon Crawl Stone Soup version 0.23.2-33-g5129a83184 (webtiles) character file.

Game seed: 1899919368452517412

177 ANON1729 the Skirmisher (level 5, -5/42 HPs)
             Began as a Demonspawn Monk on Aug 11, 2019.
             Killed from afar by an orc wizard (6 damage)
             ... with a magic dart
             ... on level 3 of the Dungeon.
             The game lasted 00:05:17 (4727 turns).

ANON1729 the Skirmisher (Demonspawn Monk)           Turns: 4727, Time: 00:05:17

Health: -5/42      AC:  3    Str: 12    XL:     5   Next: 30%
Magic:  5/5        EV: 14    Int: 12    God:
Gold:   179        SH:  0    Dex: 15    Spells: 4/4 levels left

rFire    . . .     SeeInvis .   a - +0 spear
rCold    . . .     Gourm    .   (no shield)
rNeg     . . .     Faith    .   b - +0 robe
rPois    .         Spirit   .   (no helmet)
rElec    .         Reflect  .   h - +0 cloak
rCorr    .         Harm     .   (no gloves)
MR       +....                  (no boots)
Stlth    +++.......             (no amulet)
HPRegen  0.14/turn              l - ring of protection from magic
MPRegen  0.09/turn              (no ring)

@: hasted, very quick
A: nightstalker 1, powered by death 1
a: no special abilities


You were on level 3 of the Dungeon.
You were very hungry.

You visited 1 branch of the dungeon, and saw 3 of its levels.

You collected 179 gold pieces.

Inventory:

Hand Weapons
 a - a +0 spear (weapon)
Armour
 b - a +0 robe (worn)
 h - a +0 cloak (worn)
Jewellery
 l - a ring of protection from magic (left hand)
Scrolls
 f - a scroll of magic mapping {unknown}
 g - a scroll of teleportation {unknown}
 k - 3 scrolls of enchant armour {unknown}
 n - a scroll of random uselessness {unknown}
 o - a scroll of amnesia
Potions
 d - a potion of haste
 e - a potion of degeneration {unknown}
 i - 2 potions of curing {unknown}
 j - a potion of berserk rage
 m - a potion of ambrosia {unknown}
 p - a potion of might {unknown}
Comestibles
 c - 5 rations
 q - 2 chunks of flesh


   Skills:
 + Level 4.0 Fighting
 + Level 3.5 Polearms
 + Level 3.6 Dodging
 + Level 3.1 Stealth


You had 4 spell levels left.
You didn't know any spells.
Your spell library contained the following spells:

 Spells                   Type           Power        Failure   Level  Hunger
 Magic Dart               Conj           #...         32%         1    ##.....
 Blink                    Tloc           N/A          45%         2    ###....
 Call Imp                 Summ           #.......     45%         2    ###....
 Slow                     Hex            #.......     45%         2    ###....
 Conjure Flame            Conj/Fire      #.......     69%         3    ####...
 Mephitic Cloud           Conj/Pois/Air  #.......     69%         3    ####...


Dungeon Overview and Level Annotations

Branches:
Dungeon (3/15)

Altars:


Innate Abilities, Weirdness & Mutations

You are slightly more attuned to the shadows.
You regenerate a little health from kills.


Message History

The orc wizard hits you with a +0 dagger.
The orc wizard points at you and mumbles some strange words.
The magic dart hits you.
* * * LOW HITPOINT WARNING * * *
You closely miss the orc wizard.
The orc wizard is almost dead.
The orc wizard hits you but does no damage.
You closely miss the orc wizard.
The orc wizard is almost dead.
The orc wizard hits you but does no damage.
You hit the orc wizard but do no damage.
The orc wizard is almost dead.
The orc wizard points at you and mumbles some strange words.
The magic dart hits you!
* * * LOW HITPOINT WARNING * * *
The orc wizard misses you.
It was a potion of haste.
You feel yourself speed up.
The orc wizard points at you and mumbles some strange words.
The magic dart hits you.
You die...

.....##.)....####...# #..#.
..(.................# #..#.
........#####################..#.
........# ..............#.
........# ##########..###.#.
#..###### #...........###.#. #..#
#.#######.#....... #..# #.#
#...#.....#.## ##># #@#
#.#.###.#.#.# ### ##.###o#
#.#.....#.#.# #..§).o#
#.#######.#.# ########
#...........# #########.### #####
#.# #...# #.#
##################.#.# #.#
.........†.........#)# #.####


You could see an orc wizard and an orc.

Vanquished Creatures
  A worker ant (D:3)
  5 adders
  A river rat (D:3)
  An ooze (D:3)
  2 worms
  2 dart slugs (D:2)
  2 leopard geckos
  7 orcs (D:3)
  5 giant cockroaches
  15 hobgoblins
  3 quokkas
  A ball python (D:2)
  8 bats
  A frilled lizard (D:3)
  8 goblins
  4 kobolds
  6 rats
72 creatures vanquished.

Notes
Turn   | Place    | Note
-------+----------+-------------------------------------------
     0 | D:1      | ANON1729 the Demonspawn Monk began the quest for the Orb.
     0 | D:1      | Reached XP level 1. HP: 18/18 MP: 1/1
   760 | D:1      | Gained mutation: You are slightly more attuned to the
                  | shadows. [demonic ancestry]
   760 | D:1      | Reached XP level 2. HP: 24/24 MP: 2/2
  1355 | D:2      | Reached XP level 3. HP: 28/29 MP: 3/3
  2860 | D:2      | Gained mutation: You regenerate a little health from kills.
                  | [demonic ancestry]
  2860 | D:2      | Reached XP level 4. HP: 35/35 MP: 4/4
  4132 | D:3      | Reached XP level 5. HP: 25/42 MP: 5/5
  4706 | D:3      | Reached skill level 4 in Fighting
  4726 | D:3      | HP: 1/42 [orc wizard/magic dart (10)]
  4727 | D:3      | Killed from afar by an orc wizard

Skill      XL: |  1  2  3  4  5 |
---------------+----------------+-----
Stealth        | 2 3 |  3.1
Dodging        | 3 |  3.6
Polearms       | 3 |  3.5
Fighting       | 4 |  4.0

Action                   |  1- 3 |  4- 6 || total
-------------------------+-------+-------++-------
Melee: Spear             |   186 |   203 ||   389
  Use: Scroll            |       |     2 ||     2
       Potion            |       |     2 ||     2
 Stab: Sleeping          |    16 |     7 ||    23
       Distracted        |     1 |       ||     1
  Eat: Chunk             |     6 |     5 ||    11
Armor: Robe              |    23 |    26 ||    49
Dodge: Dodged            |    89 |   124 ||   213
